 Seeded DCSS version 0.28.0-62-gf88900778d (webtiles) character file.

Game seed: 13255552756541000046 (custom seed)

293922 cbfl8 the Severer (level 20, -8/157 (168) HPs)
             Began as a Demonspawn Berserker on Aug 25, 2023.
             Was the Champion of Trog.
             Mangled by Sojobo
             ... wielding a +2 vorpal great sword
              (26 damage)
             ... while paralysed by an air elemental
             ... on level 2 of the Vaults.
             The game lasted 01:14:30 (54723 turns).

cbfl8 the Severer (Demonspawn Berserker)           Turns: 54723, Time: 01:14:32

HP:   -8/157 (168)  AC: 32    Str: 28    XL:     20   Next: 2%
MP:   0/20          EV:  2    Int: 14    God:    Trog [******]
Gold: 3499          SH:  0    Dex: 25    Spells: 19/19 levels left

rFire   + . .      SeeInvis +   g - +8 mithril axe "Arga" {speed, Will+}
rCold   + . .      Faith    .   A - +4 kite shield of Gajonn {Dex+3 Slay+3}
rNeg    . . .      Spirit   +   a - +5 gold dragon scales
rPois   +          Reflect  +   (helmet unavailable)
rElec   +          Harm     .   B - +2 cloak of the Thief {*Fog Slay-2 SInv Stlth+}
rCorr   .          Rampage  .   b - +2 pair of gloves
Will    +++..                   l - +0 pair of boots {Fly}
Stlth   ..........              H - amulet of reflection
HPRegen 0.36/turn               Q - ring of Wishful Thinking {Fly rElec Str+2}
MPRegen 0.34/turn               y - +6 ring of strength

@: paralysed, mighty, on berserk cooldown, flying, slowed, studying Evocations,
drained, unable to read
A: antennae 3, powered by pain 1, torment resistance 1, magic shield, magic
regeneration, magic link, big brain 2, demonic willpower, thin skeletal
structure 1, agile 1, inability to read while threatened
}: 2/15 runes: serpentine, barnacled
a: Renounce Religion, Berserk, Trog's Hand, Brothers in Arms


You were on level 2 of the Vaults.
You worshipped Trog.
Trog was exalted by your worship.
You visited 6 branches of the dungeon, and saw 34 of its levels.
You visited 1 bazaar.
You also visited: Gauntlet.

You collected 5554 gold pieces.
You spent 2055 gold pieces at shops.

Inventory:

Hand Weapons
 g - the +8 mithril axe "Arga" (weapon) {speed, Will+}
   (You acquired it on level 5 of the Dungeon)

   Attacks with this weapon are significantly faster.
   Will:      It increases your willpower.
 p - a +2 broad axe of flaming
 O - a +8 antimagic broad axe
Missiles
 x - 2 silver boomerangs
 G - 9 throwing nets
 T - 10 silver javelins
Armour
 a - +5 gold dragon scales (worn)
 b - a +2 pair of gloves (worn)
 l - a +0 pair of boots of flying (worn)
 A - the +4 kite shield of Gajonn (worn) {Dex+3 Slay+3}
   (You acquired it on level 5 of the Dungeon)

   Dex:       It affects your dexterity (+3).
   Slay:      It affects your accuracy & damage with ranged weapons and melee
   (+3).
 B - the +2 cloak of the Thief (worn) {*Fog Slay-2 SInv Stlth+}
   (You acquired it on level 4 of the Snake Pit)

   It may release a thick cloud of smoke when the wearer is hurt.
   Slay:      It affects your accuracy & damage with ranged weapons and melee
   (-2).
   SInv:      It lets you see invisible.
   Stlth:     It makes you more stealthy.
Jewellery
 y - a +6 ring of strength (right hand)
 H - an amulet of reflection (around neck)
 Q - the ring of Wishful Thinking (left hand) {Fly rElec Str+2}
   (You found it in a Gauntlet)

   [ring of flight]

   Str:       It affects your strength (+2).
   rElec:     It insulates you from electricity.
   Fly:       It grants you flight.
Wands
 q - a wand of digging (19)
 t - a wand of iceblast (7)
 v - a wand of flame (13)
 K - a wand of charming (4)
 R - a wand of mindburst (9)
 U - a wand of polymorph (9)
 V - a wand of acid (5)
 Y - a wand of paralysis (38)
Scrolls
 d - 6 scrolls of identify
 e - 4 scrolls of teleportation
 f - 2 scrolls of silence
 j - 8 scrolls of fog
 n - 3 scrolls of magic mapping
 o - 2 scrolls of brand weapon
 r - 4 scrolls of noise
 D - 7 scrolls of fear
 J - 2 scrolls of summoning
 P - 2 scrolls of blinking
Potions
 k - 4 potions of might
 m - 4 potions of haste
 s - 5 potions of curing
 w - a potion of cancellation
 C - 5 potions of ambrosia
 I - 3 potions of resistance
Miscellaneous
 c - a piece from Xom's chessboard (15/15)
 h - a phial of floods
 u - a piece from Xom's chessboard (15/15)
 E - a box of beasts (inert) (quivered)


   Skills:
 + Level 17.3 Fighting
 + Level 19.3 Axes
 + Level 12.1 Armour
 * Level 11.3 Dodging
 + Level 13.6 Shields
 * Level 16.9 Evocations


You had 19 spell levels left.
You didn't know any spells.
Your spell library was empty.

Dungeon Overview and Level Annotations

Branches:
Dungeon (15/15)            Temple (0/1) D:6            Lair (6/6) D:9
 Shoals (4/4) Lair:2        Snake (4/4) Lair:3        Slime (0/5) Lair:6
    Orc (2/2) D:10            Elf (0/3) Orc:2        Vaults (3/5) D:13
  Crypt (0/3) Vaults:3     Depths (0/4) D:15        Gauntlet (visited)

Altars:
Ashenzari
Fedhas
Gozag
Makhleb
Qazlal
Sif Muna
Trog
Vehumet
Zin
Beogh
Jiyva

Shops:
D:4 [   D:10 [   D:12 (   D:14 *   D:15 *   Orc:1 [   Orc:2 [=!!   Snake:3 **(
Snake:4 *

Portals:
Hell: Lair:6
Pandemonium: Orc:2

Annotations:
Vaults:2 Sojobo


Innate Abilities, Weirdness & Mutations

You have a pair of large antennae on your head. (SInv)
You sometimes gain a little power by taking damage.
You are resistant to unholy torment.
When hurt, damage is shared between your health and your magic reserves.
You regenerate magic rapidly.
When low on magic, you restore magic in place of health.
You have an extremely huge brain. (Int +4)
You punish those that try to bend your will. (Will+)
You have a somewhat thin skeletal structure. (Dex +2, Stealth+)
You are agile. (Dex +2)
You sometimes lose the ability to read scrolls when taking damage.


Message History

* * * LOW HITPOINT WARNING * * *
The air elemental fires a burst of electricity at you.
The stunning burst hits you but does no damage.
You block the air elemental's attack.
The air elemental fires a burst of electricity at you.
The stunning burst hits you but does no damage.
You shrug off the repeated paralysis!
The air elemental hits you.
* * * LOW HITPOINT WARNING * * *
You block the air elemental's attack.
Sojobo strikes a fencing pose.
The air elemental barely misses you. You block the air elemental's attack.
Your elder shocksting beast hits the air elemental!!
The air elemental is destroyed!
The air elemental disappears in a puff of smoke!
You cannot read scrolls in your current state!
You feel better.
You block the air elemental's attack. x2
The air elemental fires a burst of electricity at you.
The stunning burst misses you.
Your elder shocksting beast stings the tengu reaver from afar!
The tengu reaver points at you and mumbles some strange words.
The bolt of acid misses you.
The air elemental fires a burst of electricity at you.
The stunning burst misses you.
Your elder shocksting beast stings the tengu reaver from afar!
Sojobo hits you but does no damage. Sojobo pecks you but does no damage.
You block Sojobo's attack.
You feel better. You block the air elemental's attack.
The air elemental fires a burst of electricity at you.
The stunning burst misses you.
The air elemental fires a burst of electricity at you.
The stunning burst hits you but does no damage.
You suddenly lose the ability to move!
The tengu reaver hits you but does no damage.
The tengu reaver pecks you.
* * * LOW HITPOINT WARNING * * *
The tengu reaver claws you but does no damage.
Your elder shocksting beast closely misses the tengu reaver.
Sojobo sneers, "There are one thousand and one flaws in your strategy!"
Sojobo hits you with a +2 vorpal great sword!!
You die...

#.§.....#......#..
#....§..#......#..
+.)§§...#......#..
#§)§§§..########..
#§.§§.............
#§................
#E§........)......
#QE...............
#@Q............... ##########
#..H..............
#........#####
#.................
#.#.#........#
#.................
######.....#.#
#.....##########.. #...........#
#.....#........#..
#...#...#######.....#........#..
#........#...##.....#......[.#..
#####........##.....#........)†.


You could see Sojobo (repels missiles), a tengu reaver (ally target), 2 air
elementals and a friendly elder shocksting beast (summoned).

Vanquished Creatures
  Frederick (Vaults:3)
  Vashnia (Snake:3)
  Jorgrun (D:14)
  Polyphemus (Shoals:1)
  Gastronok (Lair:2)
  A sphinx (Vaults:1)
  Kirke (Lair:6)
  A kraken (Shoals:4)
  Donald (Shoals:2)
  A tengu reaver (Vaults:2)
  12 nagarajas (Snake:4)
  6 vault wardens
  Aizul (Snake:2)
  A fire giant (Vaults:1)
  2 stone giants
  4 very ugly things (Vaults:2)
  7 ironbound preservers
  3 ironbound thunderhulks
  The ghost of Xieruruo the Spry, a journeyman FeEE of Vehumet (Snake:3)
  3 dire elephants
  An entropy weaver (Vaults:1)
  Azrael (D:14)
  A minotaur (Gauntlet)
  A fire dragon (D:15)
  Snorg (D:13)
  5 merfolk javelineers
  5 yaktaur captains
  5 merfolk impalers
  6 hydras
  2 salamander tyrants (Snake:4)
  3 great orbs of eyes
  25 naga warriors
  Harold (D:7)
  A hell beast (Gauntlet)
  7 centaur warriors
  3 demonspawn (Orc:2)
  A death knight (D:13)
  4 ironbound frosthearts
  3 vault guards (Vaults:1)
  2 catoblepae
  3 merfolk avatars
  3 alligator snapping turtles
  2 merfolk aquamancers (Shoals:4)
  7 anacondas
  2 satyrs
  5 two-headed ogres
  An alligator (Shoals:2)
  8 orc high priests (Orc:2)
  13 death yaks
  18 naga sharpshooters
  5 shock serpents
  A soul eater (Orc:2)
  Sonja (Orc:1)
  A sun demon (Lair:6)
  2 salamander mystics (Snake:3)
  25 deep trolls
  14 sea snakes
  A flayed ghost (Vaults:1)
  11 naga ritualists
  11 ironbound convokers
  An obsidian statue (Snake:3)
  Pikel (D:4)
  A kraken simulacrum (Shoals:4)
  5 wizards
  10 harpies
  6 orc knights (Orc:2)
  11 lindwurms
  2 phantasmal warriors
  A necromancer (Vaults:1)
  14 manticores
  A sphinx zombie (Vaults:1)
  9 mana vipers
  A salamander (shapeshifter) (Vaults:1)
  38 ugly things
  12 fauns
  5 orc sorcerers
  8 cyclopes
  22 salamanders
  13 elephants
  Maurice (D:9)
  6 vault sentinels
  11 guardian serpents
  A stone giant skeleton (Vaults:1)
  8 merfolk sirens
  21 naga magi
  2 torpor snails
  41 black mambas
  A human skeleton (Vaults:1)
  A rust devil (Orc:2)
  A black mamba (shapeshifter) (D:14)
  A gargoyle (D:14)
  5 water nymphs
  10 cane toads
  2 orange demons (Lair:6)
  A smoke demon (Orc:2)
  4 kobold demonologists
  11 komodo dragons
  24 yaktaurs
  2 efreet
  3 ice devils (Lair:6)
  2 freezing wraiths
  7 rime drakes
  A red devil (Lair:6)
  A hellwing (Lair:6)
  18 merfolk
  6 wind drakes
  A queen bee (Gauntlet)
  5 trolls
  Grinder (D:3)
  7 polar bears
  3 meliai (D:15)
  A raiju (Gauntlet)
  3 hornets
  7 snapping turtles
  27 slime creatures
  32 blink frogs
  15 dream sheep
  5 shadows (D:10)
  4 wyverns
  2 water elementals (Shoals:4)
  3 basilisks
  6 wraiths
  2 fire elementals (D:14)
  A hog (Lair:6)
  48 yaks
  A neqoxec (Orc:2)
  A steam dragon (Gauntlet)
  6 vampire mosquitoes
  A warg (shapeshifter) (D:12)
  An acid dragon (D:14)
  3 wargs
  58 nagas
  19 water moccasins
  5 hell hounds
  3 ice beasts
  A hornet zombie (D:7)
  30 orc warriors
  5 necrophages (D:7)
  3 ogres
  3 black bears (D:9)
  12 wolves
  A centaur (D:6)
  A phantom (D:5)
  A human zombie (Vaults:1)
  5 kobold brigands
  16 bullfrogs
  4 scorpions
  A wyvern zombie (D:9)
  2 gnoll sergeants (D:13)
  A troll zombie (D:10)
  10 killer bees
  4 electric eels
  2 howler monkeys
  2 hounds (D:5)
  A bullfrog zombie (D:7)
  2 centaur zombies
  2 centaur skeletons
  25 orc priests
  2 bullfrog skeletons
  Ijyb (D:3)
  2 iguanas (D:6)
  12 orc wizards
  2 hell rats (Lair:3)
  A killer bee zombie (D:9)
  7 ogre zombies (D:10)
  2 howler monkey zombies (D:7)
  7 gnolls (D:13)
  5 adders
  10 river rats (Lair:3)
  A white imp (D:8)
  An adder skeleton (D:4)
  2 worms
  3 dart slugs
  69 orcs
  4 ball pythons
  6 bats
  5 endoplasms
  6 giant cockroaches
  6 hobgoblins
  10 jackals
  7 quokkas
  2 frilled lizards (D:1)
  6 goblins
  A goblin skeleton (D:10)
  2 goblin zombies (D:10)
  2 hobgoblin skeletons (D:10)
  2 hobgoblin zombies (D:10)
  20 kobolds
  3 orc skeletons (D:10)
  15 orc zombies (D:10)
  15 rats
  3 tentacles (Shoals:4)
1262 creatures vanquished.

Vanquished Creatures (collateral kills)
  A naga warrior (Snake:3)
  A black mamba (Snake:3)
2 creatures vanquished.

Vanquished Creatures (others)
  A manticore (Shoals:2)
  A yak (Lair:6)
  3 humans (Lair:6)
  A howler monkey (D:14)
  A bush (D:7)
  A fire vortex (Lair:2)
  47 fungi
  132 plants
  16 tentacles (Shoals:4)
  9 toadstools (Lair:3)
212 creatures vanquished.

Grand Total: 1476 creatures vanquished

Notes
Turn   | Place    | Note
-------+----------+-------------------------------------------
     0 | D:1      | cbfl8 the Demonspawn Berserker began the quest for the Orb.
     0 | D:1      | Reached XP level 1. HP: 18/18 MP: 1/1
   256 | D:1      | Gained mutation: You have a pair of small antennae on your
                  | head. [demonic ancestry]
   256 | D:1      | Reached XP level 2. HP: 24/24 MP: 2/2
   257 | D:1      | Reached skill level 3 in Axes
   476 | D:1      | Reached ** piety under Trog
   737 | D:1      | Reached XP level 3. HP: 29/29 MP: 3/3
  1306 | D:2      | Reached skill level 1 in Evocations
  1514 | D:2      | Reached XP level 4. HP: 35/35 MP: 4/4
  2344 | D:2      | Identified the +8 hand axe of Dim Light {drain, rN+ Str+4
                  | Int+3}
  2368 | D:3      | Noticed Grinder
  2375 | D:3      | Killed Grinder
  2376 | D:3      | Reached skill level 4 in Axes
  2376 | D:3      | Gained mutation: You have an unusually large brain. (Int
                  | +2) [demonic ancestry]
  2376 | D:3      | Reached XP level 5. HP: 20/42 MP: 5/5
  2376 | D:3      | Reached XP level 6. HP: 23/48 MP: 6/6
  2720 | D:3      | You fall into a shaft and drop 3 floors!
  2751 | D:6      | Found a staircase to the Ecumenical Temple.
  2753 | D:5      | Entered Level 5 of the Dungeon
  3003 | D:4      | Noticed Pikel
  3259 | D:3      | Reached *** piety under Trog
  3273 | D:3      | Found a faded altar of an unknown god.
  3292 | D:3      | Noticed Ijyb
  3300 | D:3      | Killed Ijyb
  3301 | D:3      | Reached skill level 5 in Axes
  3703 | D:4      | Killed Pikel
  3704 | D:4      | Reached skill level 1 in Shields
  3704 | D:4      | Gained mutation: You regenerate magic rapidly. [demonic
                  | ancestry]
  3704 | D:4      | Reached XP level 7. HP: 54/54 MP: 7/7
  4006 | D:4      | Found a shimmering blue altar of Sif Muna.
  4148 | D:4      | Found Ninurta's Dragon-Slaying Spoils.
  4631 | D:4      | Reached skill level 6 in Axes
  4631 | D:4      | Gained mutation: When hurt, damage is shared between your
                  | health and your magic reserves. [demonic ancestry]
  4631 | D:4      | Reached XP level 8. HP: 56/60 MP: 8/8
  4766 | D:4      | Identified a scroll of acquirement
  4768 | D:4      | Acquired 847 gold pieces
  4858 | D:4      | Bought +0 gold dragon scales for 800 gold pieces
  5029 | D:5      | Reached skill level 5 in Armour
  5042 | D:5      | Acquired a manual of Fighting
  5044 | D:5      | Acquired the +4 kite shield of Gajonn {Dex+3 Slay+3}
  5057 | D:5      | Acquired the +8 mithril axe "Arga" {speed, Will+}
  5057 | D:5      | Found the +8 mithril axe "Arga" {speed, Will+}
  6132 | D:7      | Reached skill level 5 in Fighting
  6132 | D:7      | Reached skill level 7 in Axes
  6275 | D:7      | Noticed Harold
  6283 | D:7      | Killed Harold
  6284 | D:7      | Reached skill level 5 in Evocations
  6284 | D:7      | Reached XP level 9. HP: 62/69 MP: 7/9
  6395 | D:7      | Reached **** piety under Trog
  6396 | D:7      | Reached skill level 8 in Axes
  6530 | D:7      | Found a blossoming altar of Fedhas.
  7579 | D:8      | Gained mutation: When low on magic, you restore magic in
                  | place of health. [demonic ancestry]
  7579 | D:8      | Reached XP level 10. HP: 73/77 MP: 10/10
  8017 | D:9      | Noticed Maurice
  8023 | D:9      | Killed Maurice
  8024 | D:9      | Reached skill level 9 in Axes
  8178 | D:9      | Found a staircase to the Lair.
  8260 | D:9      | Found the +4 robe of Augmentation {Str+4 Int+4 Dex+4}
  8320 | D:9      | Noticed a four-headed hydra
  8332 | D:9      | Killed an 11-headed hydra
  8627 | D:9      | Reached skill level 10 in Axes
  8862 | D:10     | Entered Level 10 of the Dungeon
  8961 | D:10     | Found Elif's Antique Armour Boutique.
  9000 | D:10     | Reached ***** piety under Trog
  9105 | D:10     | Found a staircase to the Orcish Mines.
  9225 | D:10     | Gained mutation: You have an extremely huge brain. (Int +4)
                  | [demonic ancestry]
  9225 | D:10     | Reached XP level 11. HP: 83/87 MP: 11/11
  9414 | D:10     | Found a radiant altar of Vehumet.
  9414 | D:10     | Found a stormy altar of Qazlal.
  9418 | D:10     | Found a bloodstained altar of Trog.
  9767 | D:10     | Received a gift from Trog
  9785 | D:10     | Found a burning altar of Makhleb.
 10112 | D:11     | Reached skill level 11 in Axes
 10118 | D:11     | Noticed a two-headed ogre
 10129 | D:11     | Killed a two-headed ogre
 10130 | D:11     | Reached skill level 5 in Shields
 10996 | D:12     | Noticed a two-headed ogre
 11004 | D:12     | Killed a two-headed ogre
 11125 | D:12     | Noticed a two-headed ogre
 11134 | D:12     | Killed a two-headed ogre
 11245 | D:12     | Reached skill level 10 in Fighting
 11541 | D:12     | Noticed a sun demon
 11546 | D:12     | Gained mutation: You have a pair of antennae on your head.
                  | [demonic ancestry]
 11546 | D:12     | Reached XP level 12. HP: 97/97 MP: 12/12
 11549 | D:12     | Reached skill level 12 in Axes
 11612 | D:12     | Found Icofugul's Weapon Shoppe.
 11630 | D:12     | Noticed a two-headed ogre
 11637 | D:12     | Killed a two-headed ogre
 11865 | D:12     | Noticed a four-headed hydra
 12285 | D:11     | Killed a nine-headed hydra
 12827 | D:13     | Noticed a six-headed hydra
 12827 | D:13     | Noticed Snorg
 12969 | D:13     | Noticed a death knight
 12981 | D:13     | Killed a death knight
 13102 | D:13     | Killed Snorg
 13532 | D:13     | Killed a ten-headed hydra
 13819 | D:13     | Noticed a two-headed ogre
 13822 | D:13     | Killed a two-headed ogre
 13822 | D:13     | Received a gift from Trog
 14247 | D:13     | Found a gate to the Vaults.
 14584 | D:14     | Reached skill level 13 in Axes
 14590 | D:14     | Reached skill level 10 in Evocations
 14600 | D:14     | Gained mutation: You sometimes gain a little power by
                  | taking damage. [demonic ancestry]
 14600 | D:14     | Reached XP level 13. HP: 74/106 MP: 9/13
 14623 | D:14     | Found a gate leading to a gauntlet.
 14633 | Gauntlet | Entered a Gauntlet
 14633 | Gauntlet | Found a transporter.
 14633 | Gauntlet | Found a runed translucent door.
 14633 | Gauntlet | Found a runed translucent door.
 14633 | Gauntlet | Found a transporter.
 14633 | Gauntlet | Found a transporter.
 14896 | Gauntlet | Found a transporter.
 14911 | Gauntlet | Found a transporter.
 14914 | Gauntlet | Found a transporter.
 14923 | Gauntlet | Found a transporter.
 14924 | Gauntlet | Found a transporter.
 14925 | Gauntlet | Found a transporter.
 14925 | Gauntlet | Found a transporter.
 14931 | Gauntlet | Found a runed translucent gate.
 14933 | Gauntlet | Found a runed translucent gate.
 14933 | Gauntlet | Found a transporter.
 14933 | Gauntlet | Found a transporter.
 14934 | Gauntlet | Found a runed translucent gate.
 14944 | Gauntlet | Noticed a quicksilver ooze
 15174 | Gauntlet | Identified the ring of Wishful Thinking {Fly rElec Str+2}
 15310 | Gauntlet | Identified the +8 great mace of Wasaacui {venom, Str+6}
 15310 | Gauntlet | Identified the +10 hunting sling of Yredelemnul's Envy
                  | {freeze, Dex+2}
 15310 | Gauntlet | Noticed a minotaur
 15322 | Gauntlet | Killed a minotaur
 15499 | D:14     | Gained mutation: Your mind is acute. (Int +2) [potion of
                  | mutation]
 16094 | D:14     | Noticed Azrael
 16096 | D:14     | Noticed Jorgrun
 16109 | D:14     | Killed Jorgrun
 16111 | D:14     | Killed Azrael
 16112 | D:14     | Reached skill level 14 in Axes
 16508 | D:14     | Found Vibbiff's Overcharged Wands.
 16513 | D:14     | Bought a wand of paralysis (25) for 459 gold pieces
 16734 | D:15     | Entered Level 15 of the Dungeon
 17015 | D:15     | Found a broken altar of Ashenzari.
 17299 | D:15     | Noticed a stone giant
 17417 | D:15     | Found a staircase to the Depths.
 17431 | D:15     | Killed a stone giant
 17629 | D:15     | Found Baethefi's Serpentskin Sales.
 17735 | D:15     | Noticed a fire dragon
 17747 | D:15     | Killed a fire dragon
 17748 | D:15     | Reached XP level 14. HP: 109/116 MP: 14/14
 18418 | Lair:1   | Entered Level 1 of the Lair of Beasts
 19158 | Lair:2   | Found a staircase to the Shoals.
 19292 | Lair:2   | Reached skill level 15 in Axes
 19613 | Lair:2   | Noticed Gastronok
 19624 | Lair:2   | Killed Gastronok
 20290 | Lair:3   | Found a runed translucent door.
 20395 | Lair:3   | Received a gift from Trog
 20942 | Lair:3   | Found a staircase to the Snake Pit.
 21343 | Lair:3   | Lost mutation: Your mind is acute. (Int +2) [potion of
                  | mutation]
 21343 | Lair:3   | Gained mutation: You are partially covered in large bone
                  | plates. (SH +4) [potion of mutation]
 21343 | Lair:3   | Gained mutation: You have hidden genetic potential. [potion
                  | of mutation]
 21343 | Lair:3   | Gained mutation: You expend magic power (3 MP) to
                  | strengthen your wands. [potion of mutation]
 21343 | Lair:3   | Gained mutation: Your mind is acute. (Int +2) [potion of
                  | mutation]
 22105 | Lair:4   | Received a gift from Trog
 22122 | Lair:4   | Reached XP level 15. HP: 124/124 MP: 15/15
 22597 | Lair:5   | Reached skill level 5 in Dodging
 23144 | Lair:6   | Entered Level 6 of the Lair of Beasts
 23158 | Lair:6   | Reached skill level 16 in Axes
 24120 | Lair:6   | Noticed Kirke
 24136 | Lair:6   | Killed Kirke
 24268 | Lair:6   | Gained mutation: Your muscles are strong. (Str +2) [hidden
                  | potential]
 24721 | Lair:6   | Found a viscous altar of Jiyva.
 24721 | Lair:6   | Found a staircase to the Slime Pits.
 24870 | Lair:6   | Found a burning altar of Makhleb.
 24935 | Lair:6   | Found a gateway to Hell.
 25243 | Orc:1    | Entered Level 1 of the Orcish Mines
 25353 | Orc:1    | Noticed Sonja
 25357 | Orc:1    | Reached ****** piety under Trog
 25363 | Orc:1    | Killed Sonja
 25518 | Orc:2    | Entered Level 2 of the Orcish Mines
 25586 | Orc:2    | Found a staircase to the Elven Halls.
 25783 | Orc:1    | Found Opuc's Antique Armour Shop.
 25886 | Orc:1    | Bought a pair of runed gloves for 172 gold pieces
 26358 | Orc:2    | Found Ipeety's Distillery.
 26363 | Orc:2    | Found Rymyiv's Distillery.
 26366 | Orc:2    | Received a gift from Trog
 26646 | Orc:2    | Bought 2 potions of heal wounds for 120 gold pieces
 26648 | Orc:2    | Bought a potion of heal wounds for 75 gold pieces
 27002 | Orc:2    | Gained mutation: You sometimes lose the ability to read
                  | scrolls when taking damage. [a neqoxec]
 27172 | Orc:2    | Gained mutation: You have a pair of large antennae on your
                  | head. (SInv) [demonic ancestry]
 27172 | Orc:2    | Reached XP level 16. HP: 123/133 MP: 16/16
 27205 | Orc:2    | Gained mutation: You are clumsy. (Dex -2) [a neqoxec]
 27322 | Orc:2    | Reached skill level 10 in Armour
 27552 | Orc:2    | Found Ravyc's Jewellery Shoppe.
 27552 | Orc:2    | Found Hekitit's Antique Armour Emporium.
 27553 | Orc:2    | Found a one-way gate leading to the halls of Pandemonium.
 27569 | Orc:2    | Bought a pair of glowing boots for 210 gold pieces
 28067 | Shoals:1 | Entered Level 1 of the Shoals
 28401 | Shoals:1 | Reached skill level 10 in Shields
 29548 | Shoals:2 | Noticed Polyphemus
 29760 | Shoals:2 | Reached skill level 17 in Axes
 30265 | Shoals:1 | Lost mutation: You are partially covered in large bone
                  | plates. (SH +4) [potion of mutation]
 30265 | Shoals:1 | Lost mutation: You have hidden genetic potential. [potion
                  | of mutation]
 30265 | Shoals:1 | Lost mutation: You are clumsy. (Dex -2) [potion of
                  | mutation]
 30265 | Shoals:1 | Gained mutation: You are agile. (Dex +2) [potion of
                  | mutation]
 30265 | Shoals:1 | Gained mutation: You have sharp toenails. [potion of
                  | mutation]
 30266 | Shoals:1 | Lost mutation: You are agile. (Dex +2) [potion of mutation]
 30266 | Shoals:1 | Lost mutation: You expend magic power (3 MP) to strengthen
                  | your wands. [potion of mutation]
 30266 | Shoals:1 | Gained mutation: You have a somewhat thin skeletal
                  | structure. (Dex +2, Stealth+) [potion of mutation]
 30266 | Shoals:1 | Gained mutation: You have an increased reservoir of magic.
                  | (+10% MP) [potion of mutation]
 30266 | Shoals:1 | Gained mutation: You are robust. (+10% HP) [potion of
                  | mutation]
 30267 | Shoals:1 | Lost mutation: You have an increased reservoir of magic.
                  | (+10% MP) [potion of mutation]
 30267 | Shoals:1 | Lost mutation: You have sharp toenails. [potion of
                  | mutation]
 30267 | Shoals:1 | Lost mutation: You are robust. (+10% HP) [potion of
                  | mutation]
 30267 | Shoals:1 | Gained mutation: You have a beak for a mouth. [potion of
                  | mutation]
 30268 | Shoals:1 | Lost mutation: You have a beak for a mouth. [potion of
                  | mutation]
 30268 | Shoals:1 | Lost mutation: Your muscles are strong. (Str +2) [potion of
                  | mutation]
 30268 | Shoals:1 | Lost mutation: Your mind is acute. (Int +2) [potion of
                  | mutation]
 30268 | Shoals:1 | Gained mutation: You are agile. (Dex +2) [potion of
                  | mutation]
 30561 | Shoals:2 | Received a gift from Trog
 30809 | Shoals:2 | Noticed Donald
 30824 | Shoals:2 | Killed Donald
 30996 | Shoals:2 | Identified the +1 robe of Joarofon {+Blink Fly rN++ Str-2}
 31042 | Shoals:1 | Killed Polyphemus
 34407 | Shoals:3 | Received a gift from Trog
 35035 | Shoals:3 | Identified the +7 long sword of the Glimmering Jester
                  | {vorpal, rF+ rN+ Will+}
 35385 | Snake:1  | Entered Level 1 of the Snake Pit
 35624 | Snake:1  | Gained mutation: You punish those that try to bend your
                  | will. (Will+) [demonic ancestry]
 35624 | Snake:1  | Reached XP level 17. HP: 140/140 MP: 17/17
 36863 | Snake:2  | Reached skill level 15 in Fighting
 36873 | Snake:2  | Received a gift from Trog
 37580 | Snake:2  | Identified the +8 dagger "Plog" {speed, Str+3 Int+3}
 37749 | Snake:2  | Noticed Aizul
 37770 | Snake:2  | Killed Aizul
 39760 | Snake:3  | Found Ato Vintos's Weapon Emporium.
 39906 | Snake:3  | Found a runed translucent gate.
 39906 | Snake:3  | Found a runed translucent gate.
 39906 | Snake:3  | Found a runed translucent gate.
 39907 | Snake:3  | Found an opulent altar of Gozag.
 39928 | Snake:3  | Found Bacegihi's Assorted Antiques.
 39928 | Snake:3  | Found Uguu's Assorted Antiques.
 39929 | Snake:3  | Noticed Xieruruo's ghost (journeyman FeEE)
 40034 | Snake:3  | Noticed Vashnia
 40377 | Snake:3  | Reached skill level 18 in Axes
 40504 | Snake:3  | Received a gift from Trog
 41825 | Snake:3  | Killed Vashnia
 41826 | Snake:3  | Reached XP level 18. HP: 77/149 MP: 15/18
 42637 | Snake:3  | Killed Xieruruo's ghost
 43022 | Shoals:4 | Entered Level 4 of the Shoals
 45016 | Shoals:4 | Identified the +4 broad axe of Trog's Favour {vorpal, rC+}
                  | (Trog gifted it to you on level 4 of the Shoals)
 45016 | Shoals:4 | Received a gift from Trog
 45451 | Shoals:4 | Identified the +7 shortbow of the Big Bang {vorpal, rN+
                  | Str+4}
 45875 | Shoals:4 | Got a barnacled rune of Zot
 46277 | Snake:4  | Entered Level 4 of the Snake Pit
 46817 | Snake:4  | Acquired the +2 cloak of the Thief {*Fog Slay-2 SInv
                  | Stlth+}
 46817 | Snake:4  | Found the +2 cloak of the Thief {*Fog Slay-2 SInv Stlth+}
 46819 | Snake:4  | Acquired 589 gold pieces
 46821 | Snake:4  | Acquired a manual of Evocations
 47110 | Snake:4  | Found Ysycu's General Store.
 47191 | Snake:4  | Reached skill level 10 in Dodging
 47191 | Snake:4  | Reached skill level 15 in Evocations
 50024 | Snake:4  | Got a serpentine rune of Zot
 50617 | Vaults:1 | Entered Level 1 of the Vaults
 50752 | Vaults:1 | Found a flickering gateway to a bazaar.
 50760 | Bazaar   | Entered a bazaar
 50760 | Bazaar   | Found Cinuc's Magic Scroll Shoppe.
 50760 | Bazaar   | Found Elacif's Antique Armour Shoppe.
 50812 | Bazaar   | Found Logeom's Antique Armour Emporium.
 50812 | Bazaar   | Found Qunais's General Store.
 50819 | Bazaar   | Bought a scroll of identify for 22 gold pieces
 50821 | Bazaar   | Bought a scroll of teleportation for 33 gold pieces
 50821 | Bazaar   | Bought a scroll of enchant armour for 82 gold pieces
 50821 | Bazaar   | Bought a scroll of magic mapping for 38 gold pieces
 50850 | Bazaar   | Bought a scroll of identify for 22 gold pieces
 50850 | Bazaar   | Bought a scroll of identify for 22 gold pieces
 51021 | Vaults:1 | Reached XP level 19. HP: 132/158 MP: 17/19
 51275 | Vaults:1 | Received a gift from Trog
 52128 | Vaults:1 | Received a gift from Trog
 53061 | Vaults:2 | Reached skill level 19 in Axes
 53447 | Vaults:2 | Received a gift from Trog
 53497 | Vaults:2 | You are sucked into a shaft and drop 1 floor!
 53527 | Vaults:3 | Noticed Frederick
 53544 | Vaults:3 | Killed Frederick
 54546 | Vaults:2 | Gained mutation: You are resistant to unholy torment.
                  | [demonic ancestry]
 54546 | Vaults:2 | Reached XP level 20. HP: 136/168 MP: 20/20
 54693 | Vaults:2 | Noticed Sojobo
 54717 | Vaults:2 | Paralysed by an air elemental for 1 turns
 54720 | Vaults:2 | Paralysed by an air elemental for 1 turns
 54721 | Vaults:2 | HP: 5/157 [air elemental[Sojobo] (3)]
 54723 | Vaults:2 | Paralysed by an air elemental for 1 turns
 54723 | Vaults:2 | Mangled by Sojobo

Illustrated notes

Levels and vault maps discovered:
D:1:      dpeg_arrival_prison, layout_basic, minmay_misc_feat_alley
D:2:      layout_loops_ring, serial_forest, infiniplex_forest_straight_2,
          infiniplex_forest_lined_ring, infiniplex_forest_lined_ring,
          infiniplex_forest_straight_4, infiniplex_forest_lined_1,
          infiniplex_forest_end_double, infiniplex_forest_diagonal,
          serial_bayou_pond_b, kennysheep_generic_room_3
D:3:      layout_basic, ebering_ecumenical_altar_box, uniq_ijyb, uniq_grinder
D:4:      layout_basic, kennysheep_orc_sif_temple,
          hangedman_decor_clover_reticule, nicolae_shop_dragon_depot, uniq_pikel
D:5:      layout_basic
D:6:      layout_basic, temple_statues
D:7:      layout_rooms, fedhas_altar_decomposition, hex_intersection,
          uniq_harold
D:8:      layout_basic
D:9:      layout_basic, due_lair_maze_entry_diamond, uniq_maurice
D:10:     lemuel_troll_bridge, layout_loops_ring, lemuel_round_altar,
          gammafunk_temple_overflow_claw, zombieorc2_lemuel, serial_shops,
          nicolae_shop_waterfront
D:11:     layout_roguey, serial_corexii_hall, corexii_hall_statues_s,
          chequers_hall_statues_corner_a
D:12:     layout_stronghold, serial_shops, shop
D:13:     layout_irregular_city, david_vaults_1, uniq_snorg
D:14:     layout_layer_cave, gauntlet_entry_generic,
          minmay_misc_feat_nine_boxes, nicolae_shop_overcharged_wands,
          uniq_jorgrun, uniq_azrael
D:15:     grunt_enter_depths_giant_problem, layout_loops_corners,
          ashenzari_conservatory_becter, special_room [special_room_orc],
          guppyfry_shop_venom
Lair:1:   layout_long_grid, nicolae_lair_grove_arrangements, st_stairs_5
Lair:2:   layout_gridlike, shoals_dummy_entry, basic_altar,
          cheibrodos_lair_lostbears, uniq_gastronok
Lair:3:   gammafunk_lair_enchanted_lake, layout_gridlike, kennysheep_rathole
Lair:4:   nzn_winding_woodlands_three_and_one
          [nzn_winding_woodlands_5x15_river_crossing,
          nzn_winding_woodlands_5x15_cabin, nzn_winding_woodlands_5x15_garden,
          nzn_winding_woodlands_center_garden], layout_hall_layers,
          lemuel_fruit_fields
Lair:5:   layout_big_grid, grunt_megastairs_4
Lair:6:   evil_forest, layout_loops_ring, dpeg_slime_entry_enclosed_altar,
          infiniplex_staircase_pool_2, uniq_kirke
Shoals:1: layout_shoals, nicolae_shoals_lost_giant_pillars
Shoals:2: layout_shoals, uniq_polyphemus, uniq_donald
Shoals:3: layout_shoals, nicolae_shoals_siren_and_animal_friends
Shoals:4: shoals_end_grunt_ice, layout_shoals
Snake:1:  layout_misc_corridors
Snake:2:  layout_rooms, nicolae_snake_omega, uniq_aizul
Snake:3:  layout_chambers, special_room, ebering_ghost_gozag, serial_shops,
          nicolae_shop_bloodbath_and_beyond, nicolae_snake_guarding_the_ruins,
          uniq_vashnia
Snake:4:  grunt_snake_rune_spirals, layout_onion, serial_shops, shop
Orc:1:    layout_diamond_mine, serial_shops, shop, uniq_sonja
Orc:2:    pf_orc_diabolical, layout_diamond_mine
Vaults:1: nicolae_vaults_mini_display_case, hangedman_vaults_capsules,
          v_misc_27, dpeg_vaults_pockets_of_resistance, vaults_mumra_lcd,
          ontoclasm_vaults_decontamination, vaults_mumra_chevron,
          nicolae_vaults_yaktaur_gun_rack, vaults_dpeg_encased_lava,
          nicolae_vaults_little_squares_5, nicolae_vaults_ring_of_whatevers,
          vaults_room_grid, layout_vaults_maze, serial_shops, bzr_in_the_mist
Vaults:2: ontoclasm_vaults_ring_small, nicolae_vaults_arrows,
          nicolae_vaults_murderbox, v_misc_17, vaults_room_fours,
          ontoclasm_vaults_spin, v_misc_14, nicolae_vaults_little_squares_6,
          hangedman_vaults_maws, hangedman_vaults_maws, vaults_room_pool,
          v_misc_2, layout_vaults_omnicross, uniq_sojobo
Vaults:3: minmay_crypt_entry_simple_round, ontoclasm_vaults_fault,
          nicolae_vaults_border_crossing, v_pattern_4, ontoclasm_vaults_eye,
          ontoclasm_vaults_bender, vaults_room_corners,
          ontoclasm_vaults_gateway, nicolae_vaults_network_star,
          layout_vaults_omnigrid, uniq_asterion, uniq_frederick

Skill      XL: |  1  2  3  4  5  6  7  8  9 10 11 12 13 14 15 16 17 18 19 |
---------------+----------------------------------------------------------+-----
Axes           | 3 4 5 6 7 8 10 11 13 14 15 16 17 18 19 | 19.3
Evocations     | 1 2 3 5 6 7 8 10 11 12 13 14 15 16 | 16.9
Armour         | 2 3 4 5 6 7 8 9 10 11 12 | 12.1
Fighting       | 4 5 6 8 10 11 12 13 14 15 16 17 | 17.3
Shields        | 1 2 3 4 5 6 7 8 9 10 11 12 13 | 13.6
Dodging        | 2 4 6 8 9 10 11 | 11.3

Action                   |  1- 3 |  4- 6 |  7- 9 | 10-12 | 13-15 | 16-18 | 19-21 || total
-------------------------+-------+-------+-------+-------+-------+-------+-------++-------
Melee: Hand axe          |   123 |    96 |    41 |       |       |       |       ||   260
       Broad axe         |       |       |   120 |   423 |  1072 |  1622 |   522 ||  3759
Invok: Berserk           |     2 |     2 |       |     7 |    10 |    18 |     6 ||    45
       Trog's Hand       |       |       |       |     1 |       |     2 |     1 ||     4
       Brothers in Arms  |       |       |       |       |       |     2 |     1 ||     3
Evoke: Wand              |       |       |       |     5 |     4 |     8 |       ||    17
       Box of beasts     |       |       |       |       |       |       |     1 ||     1
  Use: Scroll            |       |     1 |     8 |    13 |    14 |    19 |     2 ||    57
       Potion            |       |       |       |       |     4 |    13 |     9 ||    26
 Stab: Paralysed         |       |       |       |     3 |       |     5 |       ||     8
       Petrified         |       |       |       |       |       |    10 |       ||    10
Armor: Animal skin       |    17 |       |       |       |       |       |       ||    17
       Scale mail        |    22 |    50 |     4 |       |       |       |       ||    76
       Gold dragon scale |       |       |    73 |   158 |   276 |   349 |   153 ||  1009
Dodge: Dodged            |    83 |    38 |    18 |    14 |   102 |   216 |    93 ||   564
Block: Buckler           |     4 |    16 |     3 |       |       |       |       ||    23
       Kite shield       |       |       |    83 |   344 |   843 |  1453 |   400 ||  3123
       Reflection        |       |       |     2 |     3 |    24 |   231 |    38 ||   298
